 Dungeon Crawl Stone Soup version 0.21.1-1-g345015f (webtiles) character file.

2342 gyp21 the Magician (level 9, -3/68 HPs)
             Began as a Mummy Fire Elementalist on Feb 2, 2018.
             Was a Follower of Ashenzari.
             Killed by divine providence
             ... invoked by an orc priest
              (15 damage)
             ... on level 6 of the Dungeon on Feb 5, 2018.
             The game lasted 00:31:50 (8797 turns).

gyp21 the Magician (Mummy Fire Elementalist)        Turns: 8797, Time: 00:31:52

Health: -3/68      AC:  9    Str: 11    XL:     9   Next: 20%
Magic:  10/19      EV: 14    Int: 17    God:    Ashenzari [*.....]
Gold:   386        SH:  0    Dex: 13    Spells: 9/22 levels left

rFire    x . .     SeeInvis .   f - +2 whip (elec)
rCold    + . .     Gourm    .   (no shield)
rNeg     + + +     Faith    .   m - +2 robe {MR+} (curse)
rPois    ∞         Spirit   .   l - +1 helmet
rElec    .         Reflect  .   e - +1 cloak
rCorr    .         Harm     .   a - +0 pair of gloves
MR       ++...                  (no boots)
Stlth    ++........             d - amulet of magic regeneration (curse)
HPRegen  0.21/turn              i - ring of flight
MPRegen  0.41/turn              (no ring)

@: no status effects
A: no food or potions, fire vulnerability, cold resistance 1, negative energy
resistance 3, torment resistance, unbreathing
a: Curse Item, Scrying, Renounce Religion, Evoke Flight


You were on level 6 of the Dungeon.
You worshipped Ashenzari.
Ashenzari was aware of your devotion.
You were not hungry.

You visited 2 branches of the dungeon, and saw 8 of its levels.
You also visited: Ossuary.

You collected 386 gold pieces.

Inventory:

Hand Weapons
 f - a +2 whip of electrocution (weapon)
Armour
 a - a +0 pair of gloves (worn)
 e - a +1 cloak (worn)
 l - a +1 helmet (worn)
 m - a cursed +2 robe of magic resistance (worn)
 u - a +2 buckler
Jewellery
 d - a cursed amulet of magic regeneration (around neck)
 i - a ring of flight (left hand)
Wands
 k - a wand of polymorph (6)
 q - a wand of scattershot (6)
Scrolls
 c - 9 scrolls of remove curse
 g - 4 scrolls of enchant weapon
 h - 5 scrolls of identify
 j - 5 scrolls of teleportation
 p - a scroll of brand weapon
 r - 3 scrolls of fog
 s - a scroll of magic mapping
 t - a scroll of amnesia
 v - a scroll of enchant armour
 w - a scroll of blinking
Books
 b - a book of Flames

   Spells                             Type                      Level
   a - Flame Tongue                   Conjuration/Fire             1
   b - Throw Flame                    Conjuration/Fire             2
   c - Conjure Flame                  Conjuration/Fire             3
   d - Inner Flame                    Hexes/Fire                   3
   e - Sticky Flame                   Conjuration/Fire             4
   f - Fireball                       Conjuration/Fire             5
 n - a book of Geomancy

   Spells                             Type                      Level
   a - Sandblast                      Earth                        1
   b - Passwall                       Transmutation/Earth          2
   c - Stone Arrow                    Conjuration/Earth            3
   d - Petrify                        Transmutation/Earth          4
   e - Lee's Rapid Deconstruction     Earth                        5


   Skills:
 + Level 5.3 Fighting
 + Level 4.8 Dodging
 - Level 1.5 Stealth
 + Level 7.1 Spellcasting
 + Level 4.5 Conjurations
 + Level 5.1 Fire Magic


You had 9 spell levels left.
You knew the following spells:

 Your Spells              Type           Power        Failure   Level  Hunger
a - Flame Tongue          Conj/Fire      ###..        1%          1    N/A
b - Sticky Flame          Conj/Fire      ###.....     16%         4    N/A
c - Conjure Flame         Conj/Fire      ###.....     4%          3    N/A
d - Fireball              Conj/Fire      ###.......   38%         5    N/A

Dungeon Overview and Level Annotations

Branches:
Dungeon (7/15)             Temple (1/1) D:4

Altars:
Ashenzari
Cheibriados
Dithmenos
Elyvilon
Fedhas
Hepliaklqana
Makhleb
Nemelex Xobeh
Okawaru
Qazlal
Ru
Trog
Uskayaw
Wu Jian
Yredelemnul
Zin
The Shining One

Shops:
D:6 :


Innate Abilities, Weirdness & Mutations

You do not eat or drink.
Your flesh is vulnerable to fire.
You are immune to poison.
Your flesh is cold resistant. (rC+)
You are immune to negative energy. (rN+++)
You are immune to unholy pain and torment.
You can survive without breathing.


Message History

You kill the orc priest!
The orc priest hits you with a flail.
* * * LOW HITPOINT WARNING * * *
The orc barely misses you.
The orc warrior burns!
The orc priest closely misses you.
The orc warrior burns!
The orc warrior stops burning.
Casting: Sticky Flame
Confirm with . or Enter, or press ? or * to list all spells.
Aiming: Sticky Flame
Press: ? - help, Shift-Dir - straight line, f/p - orc warrior
Aim: an orc warrior, wielding a long sword and wearing a chain mail (heavily wounded)
The sticky flame hits the orc warrior.
The orc warrior appears unharmed.
The orc warrior is heavily wounded.
The orc warrior is covered in liquid flames!
The orc warrior burns!
The orc priest closely misses you. The orc closely misses you.
The orc warrior burns!
The orc priest mumbles some strange prayers to Beogh against you.
Beogh smites you!
You die...

...####.............#########
...##...............".##
......_............∩...#
...#...................#
...#....⌠.._..)>.....(.#
.......................#
......_........oo......#####
.##.#......)...oo..........#
....##..........@..<..####.##
..####.........#.....## #..#
.####...########...### ##.#
.###..#.# #...# #.# .##..####
#...# #.#
.##.############...# #.#
....###.......)#...# #.#
..####..########...# #.# ..#
#..# #...# #.#


You could see an orc warrior (burning), an orc priest and 2 orcs.

Vanquished Creatures
  Grinder (D:3)
  Menkaure (D:5)
  An orc warrior (D:6)
  A phantom (D:6)
  A centaur (D:6)
  3 ogres
  3 bullfrogs
  A troll zombie (Ossuary)
  2 crimson imps
  A bullfrog zombie (D:5)
  4 centaur zombies
  A hound (D:4)
  5 orc priests
  5 orc wizards
  A bullfrog skeleton (D:6)
  2 human zombies (Ossuary)
  2 iguanas (D:4)
  2 worker ants
  Terence (D:3)
  A big kobold zombie (Ossuary)
  An ogre zombie (Ossuary)
  A hound zombie (D:6)
  7 mummies (Ossuary)
  2 worker ant zombies
  4 gnolls (D:4)
  9 adders
  A howler monkey skeleton (D:4)
  A shadow imp (D:7)
  2 oozes (D:4)
  An adder skeleton (D:4)
  9 adder zombies (Ossuary)
  3 worms
  5 dart slugs
  2 leopard geckos
  22 orcs
  5 bats
  6 giant cockroaches
  11 goblins
  5 hobgoblins
  4 jackals
  3 quokkas
  7 ball pythons
  3 frilled lizards
  3 hobgoblin zombies (Ossuary)
  A jackal skeleton (D:4)
  6 kobolds
  3 kobold zombies (Ossuary)
  2 leopard gecko skeletons
  2 orc zombies (Ossuary)
  A quokka skeleton (D:6)
  2 quokka zombies (Ossuary)
  10 rats
  3 rat zombies (Ossuary)
186 creatures vanquished.

Vanquished Creatures (others)
  A goblin (D:2)
  2 jackals (D:2)
3 creatures vanquished.

Grand Total: 189 creatures vanquished

Notes
Turn   | Place    | Note
-------+----------+-------------------------------------------
     0 | D:1      | gyp21 the Mummy Fire Elementalist began the quest for the Orb.
     0 | D:1      | Reached XP level 1. HP: 13/13 MP: 4/4
   274 | D:1      | Reached skill level 1 in Conjurations
   274 | D:1      | Reached XP level 2. HP: 15/20 MP: 1/5
   599 | D:1      | Reached skill level 3 in Spellcasting
   952 | D:1      | Reached XP level 3. HP: 23/25 MP: 7/7
   955 | D:1      | Reached skill level 1 in Fighting
  1694 | D:2      | Reached XP level 4. HP: 27/32 MP: 1/9
  1742 | D:2      | Learned a level 4 spell: Sticky Flame
  1761 | D:2      | Found a white marble altar of Elyvilon.
  1843 | D:2      | Found a hazy altar of Hepliaklqana.
  2234 | D:3      | Noticed Terence
  2241 | D:3      | Killed Terence
  2305 | D:3      | Learned a level 3 spell: Conjure Flame
  2646 | D:3      | Noticed Grinder
  2688 | D:3      | Reached XP level 5. HP: 34/38 MP: 10/10
  3219 | D:4      | Found a staircase to the Ecumenical Temple.
  3223 | D:4      | Found an ornate altar of the Wu Jian Council.
  3248 | D:4      | Reached skill level 4 in Spellcasting
  3599 | Temple   | Entered the Ecumenical Temple
  3614 | Temple   | Became a worshipper of Ashenzari the Shackled
  3879 | D:4      | Noticed an ogre
  3880 | D:4      | Noticed an ogre
  3916 | D:4      | Killed an ogre
  3916 | D:4      | Reached XP level 6. HP: 24/46 MP: 0/12
  4782 | D:4      | Reached XP level 7. HP: 52/52 MP: 7/14
  4806 | D:4      | Learned a level 5 spell: Fireball
  4833 | D:4      | Upgraded the game from 0.21.1 to 0.21.1-1-g345015f
  5234 | D:5      | Entered Level 5 of the Dungeon
  5289 | D:5      | Reached skill level 5 in Spellcasting
  5773 | D:5      | Noticed Menkaure
  5798 | D:5      | Killed Menkaure
  6166 | D:5      | Found a blossoming altar of Fedhas.
  6289 | D:6      | Found a sand-covered staircase.
  6294 | Ossuary  | Entered an ossuary
  6416 | Ossuary  | Reached XP level 8. HP: 58/60 MP: 10/16
  6745 | Ossuary  | Reached skill level 6 in Spellcasting
  6938 | D:6      | Found Eplarheb's Book Emporium.
  6949 | D:6      | Reached * piety under Ashenzari
  6955 | D:6      | Found a snail-covered altar of Cheibriados.
  6967 | D:6      | Found a bloodstained altar of Trog.
  7343 | D:6      | Found a hide-covered altar of Uskayaw.
  7345 | D:6      | Found a sparkling altar of Nemelex Xobeh.
  7545 | D:6      | Reached skill level 5 in Fighting
  7785 | D:6      | Reached skill level 5 in Fire Magic
  7785 | D:6      | Reached XP level 9. HP: 68/68 MP: 19/19
  8163 | D:3      | Killed Grinder
  8163 | D:3      | Reached skill level 7 in Spellcasting
  8335 | D:7      | Found a glowing silver altar of Zin.
  8797 | D:6      | Killed from afar by an orc priest

Skill      XL: |  1  2  3  4  5  6  7  8  9 |
---------------+----------------------------+-----
Conjurations   | 1 2 3 4 |  4.5
Spellcasting   | 3 4 5 6 7 |  7.1
Fighting       | 1 2 3 5 |  5.3
Dodging        | 2 3 4 |  4.8
Fire Magic     | 3 4 5 |  5.1
Stealth        | |  1.5

Action                   |  1- 3 |  4- 6 |  7- 9 || total
-------------------------+-------+-------+-------++-------
Melee: Whip              |    23 |    69 |   154 ||   246
 Cast: Flame Tongue      |    77 |    65 |   150 ||   292
       Conjure Flame     |       |     5 |    14 ||    19
       Sticky Flame      |       |       |    23 ||    23
Invok: Curse Item        |       |       |     2 ||     2
  Use: Scroll            |       |       |     9 ||     9
 Stab: Sleeping          |     1 |     5 |     8 ||    14
Armor: Robe              |    20 |    13 |    65 ||    98
Dodge: Dodged            |    56 |    65 |   172 ||   293
